 Dungeon Crawl Stone Soup version 0.30-b1-2-g02819fbbbe (webtiles) character file.

Game seed: 11283490644827252845

0 darkwiz the Trooper (level 1, -7/18 HPs)
             Began as a Demonspawn Chaos Knight on June 15, 2023.
             Was a Plaything of Xom.
             Mangled by a spriggan (glowing shapeshifter) (9 damage)
             ... on level 1 of the Dungeon.
             The game lasted 00:00:41 (47 turns).

darkwiz the Trooper (Demonspawn Chaos Knight)         Turns: 47, Time: 00:00:42

Health: -7/18      AC:  5    Str: 12    XL:     1   Next: 8%
Magic:  0/1        EV: 11    Int: 13    God:    Xom [..*...]
Gold:   15         SH:  0    Dex: 12    Spells: 0/0 levels left

rFire   . . .        a - +0 short sword (chaos)
rCold   . . .        (no shield)
rNeg    . . .        b - +2 leather armour
rPois   .            (no helmet)
rElec   .            (no cloak)
rCorr   .            (no gloves)
SInv    .            (no boots)
Will    .....        (no amulet)
Stlth   +            (no ring)
HPRegen 0.23/turn    (no ring)
MPRegen 0.07/turn

%: no passive effects
@: no status effects
A: no striking features
a: Renounce Religion


You were on level 1 of the Dungeon.
You worshipped Xom.
You were a toy of Xom.
You visited 1 branch of the dungeon, and saw 1 of its levels.

You collected 15 gold pieces.

Inventory:

Hand Weapons
 a - a +0 short sword of chaos (weapon)
Armour
 b - a +2 leather armour (worn)
Miscellaneous
 c - a piece from Xom's chessboard (14/15) (quivered)


   Skills:
 - Level 3.0 Fighting
 + Level 2.7 Short Blades
 - Level 1.7 Armour
 - Level 0.8 Dodging


You couldn't memorise any spells.
You didn't know any spells.
Your spell library was empty.

Dungeon Overview and Level Annotations

Branches:
Dungeon (1/15)

Altars:


Message History

No target in view!
No target in view!
An endoplasm comes into view.
Found a cloak.
An endoplasm is nearby!
An endoplasm is nearby!
You see here a +0 cloak.
An endoplasm is nearby!
You hit the endoplasm.
The endoplasm changes into a glowing shapeshifter!
Xom is amused.
The glowing shapeshifter changes into a skyshark!
You barely miss the skyshark.
The skyshark changes into a redback!
You make a move on Xom's chessboard...
The redback seems to slow down.
The redback changes into a mana viper!
You hit the mana viper but do no damage.
The mana viper bites you!
Ouch! That really hurt!
* * * LOW HITPOINT WARNING * * *
You feel your power leaking away.
You hit the mana viper.
The mana viper resists with almost no effort.
The mana viper is lightly wounded.
The mana viper bites you.
* * * LOW HITPOINT WARNING * * *
You hit the mana viper. You freeze the mana viper.
The mana viper is lightly wounded.
The mana viper bites you.
* * * LOW HITPOINT WARNING * * *
Unknown command.
You hit the mana viper. You freeze the mana viper.
The mana viper is lightly wounded.
The mana viper changes into a spriggan!
You hit the spriggan but do no damage.
The spriggan is poisoned.
You closely miss the spriggan.
The spriggan is lightly wounded.
The spriggan hits you!
Ouch! That really hurt!
You die...
Xom laughs nastily!

#......<......#
#.............#
##...#####...##
#...# ##...# ##...
#.[.## #
#...###...# .#
#...#...## ..#
#...#...# ####...#
#.....#####.@i...#
#.....# #...######
##...## #.###
#...# #.# #...#
#.# #'''# ##.#
#...###..#
##......##
########


You could see a spriggan shaped shifter (very poisoned).

Vanquished Creatures
  A rat (D:1)
1 creature vanquished.

Notes
Turn   | Place    | Note
-------+----------+-------------------------------------------
     0 | D:1      | darkwiz the Demonspawn Chaos Knight began the quest for the
                  | Orb.
     0 | D:1      | Reached XP level 1. HP: 18/18 MP: 1/1
    39 | D:1      | an endoplasm changed into a glowing shapeshifter
    39 | D:1      | Noticed a glowing shapeshifter (glowing shapeshifter)
    39 | D:1      | a glowing shapeshifter changed into a skyshark
    39 | D:1      | Noticed a skyshark (glowing shapeshifter)
    40 | D:1      | a skyshark changed into a redback
    40 | D:1      | Noticed a redback (glowing shapeshifter)
    41 | D:1      | a redback changed into a mana viper
    41 | D:1      | Noticed a mana viper (glowing shapeshifter)
    45 | D:1      | a mana viper changed into a spriggan
    45 | D:1      | Noticed a spriggan (glowing shapeshifter)
    47 | D:1      | Mangled by a spriggan (glowing shapeshifter)

Illustrated notes

Levels and vault maps discovered:
D:1:      lemuel_arrival_funnel, layout_basic

Action                     || total
---------------------------++-------
  Melee: Short sword       ||    13
  Evoke: Piece from Xom's  ||     1
 Armour: Leather armour    ||     1
  Dodge: Dodged            ||     3
